 Dungeon Crawl Stone Soup version 0.22-a0-824-g1ca9aab89c (console) character file.

5741 Lexodia the Grappler (level 10, -6/104 HPs)
             Began as a Troll Chaos Knight on July 24, 2018.
             Mangled by a blink frog (11 damage)
             ... on level 1 of the Lair of Beasts.
             The game lasted 00:15:37 (5316 turns).

Lexodia the Grappler (Troll Chaos Knight)           Turns: 5316, Time: 00:15:38

Health: -6/104     AC:  7    Str: 29 (30) XL:     10   Next: 49%
Magic:  9/9        EV:  9    Int:  7 (10) God:    Xom [.....*]
Gold:   330        SH:  0    Dex:  6 (9)  Spells: 9/9 levels left

rFire    + . .     SeeInvis .     - Unarmed
rCold    . . .     Gourm    +   (no shield)
rNeg     . . .     Faith    .   a - +2 robe
rPois    .         Spirit   .   (helmet restricted)
rElec    .         Reflect  .   (no cloak)
rCorr    .         Harm     .   (gloves unavailable)
MR       ++...                  (boots unavailable)
Stlth    +.........             (no amulet)
HPRegen  0.67/turn              g - ring of protection from magic
MPRegen  0.11/turn              (no ring)

@: mighty, lethally poisoned (-6 -> -7), about to teleport, cleaving
A: large, unfitting armour, claws 3, talons 1, clever 1, fire resistance 1, fast
metabolism 3, gourmand, magic resistance 1, regeneration 1, shaggy fur 1, tough
skin 2, evolution 1
a: Renounce Religion


You were on level 1 of the Lair of Beasts.
You worshipped Xom.
You were Xom's teddy bear.
You were very full.

You visited 2 branches of the dungeon, and saw 9 of its levels.

You collected 330 gold pieces.

Inventory:

Armour
 a - a +2 robe (worn)
Jewellery
 g - a ring of protection from magic (left claw)
Wands
 d - a wand of enslavement (12)
 h - a wand of random effects (35)
 i - a wand of paralysis (4)
 j - a wand of digging (8)
 q - a wand of polymorph (12)
 t - a wand of flame (20)
Scrolls
 c - 4 scrolls of amnesia
 k - 5 scrolls of identify
 m - 4 scrolls of magic mapping
 n - 2 scrolls of teleportation
 w - a scroll of blinking {unknown}
 x - 3 scrolls of remove curse
Potions
 e - 4 potions of brilliance
 o - 3 potions of cancellation
 r - 2 potions of curing
 s - 2 potions of mutation
 u - a potion of ambrosia
Comestibles
 b - 23 rations


   Skills:
 + Level 8.1 Fighting
 - Level 2.0 Dodging
 * Level 12.8 Unarmed Combat


You had 9 spell levels left.
You didn't know any spells.
Your spell library contained the following spells:

 Spells                   Type           Power        Failure   Level  Hunger
 Cause Fear               Hex            #.........   99%         4    #####..
 Lightning Bolt           Conj/Air       #.........   100%        5    ######.
 Slow                     Hex            #.......     56%         2    ###....
 Shock                    Conj/Air       #...         43%         1    ##.....
 Swiftness                Chrm/Air       #.......     56%         2    ###....
 Spider Form              Tmut/Pois      #.........   80%         3    ####...
 Blade Hands              Tmut           #.........   100%        5    ######.
 Ice Form                 Ice/Tmut       #.......     99%         4    #####..
 Airstrike                Air            #.........   99%         4    #####..
 Sticks to Snakes         Tmut           #.......     56%         2    ###....
 Static Discharge         Conj/Air       #.......     80%         3    ####...
 Corona                   Hex            #......      43%         1    ##.....
 Portal Projectile        Hex/Tloc       #.....       80%         3    ####...
 Leda's Liquefaction      Hex/Erth       #.........   99%         4    #####..
 Inner Flame              Hex/Fire       #.......     80%         3    ####...
 Beastly Appendage        Tmut           #.....       43%         1    ##.....


Dungeon Overview and Level Annotations

Branches:
Dungeon (8/15)             Temple (0/1) D:5            Lair (1/6) D:8

Altars:
Elyvilon
Fedhas
Gozag
Kikubaaqudgha
Nemelex Xobeh
Okawaru
Zin


Innate Abilities, Weirdness & Mutations

You are too large for most types of armour.
You have claws for hands.
Your metabolism is lightning-fast.
You like to eat raw meat.
Your natural rate of healing is unusually fast.
You are covered in fur. (AC +1)
You have very tough skin. (AC +2)
You have sharp toenails.
Your mind is acute. (Int +2)
Your flesh is heat resistant. (rF+)
You are resistant to hostile enchantments. (MR+)
You evolve.


Message History

The killer bee stings the fungus.
The blink frog hits the fungus!
The fungus is destroyed!
Damage: -1%(-1hp) hp: 7%(7hp)
You feel sick.
You feel sick.
The blink frog blinks!
Damage: -1%(-1hp) hp: 6%(6hp)
You feel sick.
You feel sick.
You feel sick.
Damage: -1%(-1hp) hp: 5%(5hp)
You feel sick.
You feel sick.
There is an open door here.
As you read the scroll of teleportation, it crumbles to dust.
You feel strangely unstable.
You feel sick.
The blink frog blinks!
The blink frog hits you but does no damage.
Damage: -1%(-1hp) hp: 4%(4hp)
You miss the blink frog.
You feel sick. The blink frog hits you!
You die...
Xom titters! #+ #. % #. +.
Py.

##. ...## %y..#.. #..#
......†##### #####..##########+
#...†...#####@........##......
#y...####.....F..........#......
##.# #######................. #
#...........#......
##.........#.......
#.........##......
#.........###'####
###.#.##.####..# #...#### #..##


You could see a blink frog.

Vanquished Creatures
  A centaur zombie (D:8)
  2 spiny frogs (Lair:1)
  A hornet (D:8)
  A blink frog (Lair:1)
  2 hippogriffs
  Eustachio (D:4)
  Edmund (D:4)
  3 orc warriors
  3 ice beasts
  A sky beast (D:8)
  3 ogres
  A necrophage (D:6)
  4 centaurs
  3 phantoms
  5 wolves (Lair:1)
  6 bullfrogs
  A big kobold (D:8)
  7 killer bees
  5 howler monkeys
  A crimson imp (D:7)
  A hound (D:6)
  4 orc priests
  A gnoll shaman (D:7)
  2 bullfrog skeletons
  2 iguanas
  Ijyb (D:4)
  9 orc wizards
  4 worker ants
  A killer bee zombie (D:7)
  3 hound zombies
  9 gnolls
  6 adders
  A shadow imp (D:5)
  An ooze (D:1)
  2 adder skeletons
  3 worms
  2 leopard geckos
  22 orcs
  5 bats
  3 giant cockroaches
  4 goblins
  4 hobgoblins
  8 jackals
  A quokka (D:4)
  5 frilled lizards
  A giant cockroach zombie (D:5)
  2 jackal skeletons
  6 kobolds
  A leopard gecko skeleton (D:4)
  5 rats
  A fungus (Lair:1)
172 creatures vanquished.

Vanquished Creatures (others)
  A fungus (Lair:1)
1 creature vanquished.

Grand Total: 173 creatures vanquished

Notes
Turn   | Place    | Note
-------+----------+-------------------------------------------
     0 | D:1      | Lexodia the Troll Chaos Knight began the quest for the Orb.
     0 | D:1      | Reached XP level 1. HP: 22/22 MP: 0/0
   103 | D:1      | XOM: harmless Summ miscast
   321 | D:1      | Reached XP level 2. HP: 25/29 MP: 1/1
   857 | D:1      | Huge Dmg: 14 dmg
   918 | D:1      | XOM: silly message
   977 | D:2      | XOM: harmless Pois miscast
   984 | D:2      | Huge Dmg: 6 dmg
   985 | D:2      | XOM: potion effect (agility)
   987 | D:2      | Reached XP level 3. HP: 23/36 MP: 2/2
   995 | D:2      | Huge Dmg: 9 dmg
   996 | D:2      | Reached skill level 4 in Unarmed Combat
   998 | D:2      | Huge Dmg: 4 dmg
  1132 | D:2      | Found an iron altar of Okawaru.
  1190 | D:2      | Reached XP level 4. HP: 40/45 MP: 3/3
  1239 | D:2      | XOM: harmless Pois miscast
  1444 | D:3      | XOM: noise
  1470 | D:3      | Gained mutation: You are agile. (Dex +2) [potion of mutation]
  1470 | D:3      | Gained mutation: Your magical capacity is low. (-10% MP) [potion of mutation]
  1470 | D:3      | Gained mutation: Your flesh is heat resistant. (rF+) [potion of mutation]
  1495 | D:3      | Reached skill level 5 in Unarmed Combat
  1495 | D:3      | Reached XP level 5. HP: 48/53 MP: 3/3
  1549 | D:3      | Found a faded altar of an unknown god.
  1576 | D:4      | Noticed Ijyb
  1577 | D:4      | Found a blossoming altar of Fedhas.
  1578 | D:4      | Found a glowing silver altar of Zin.
  1578 | D:4      | Found an opulent altar of Gozag.
  1580 | D:4      | XOM: harmless Pois miscast
  1582 | D:4      | Killed Ijyb
  1595 | D:5      | Entered Level 5 of the Dungeon
  1612 | D:5      | XOM: harmless Erth miscast
  1639 | D:5      | Noticed a centaur
  1646 | D:5      | Killed a centaur
  1646 | D:5      | Reached XP level 6. HP: 55/62 MP: 4/4
  1842 | D:5      | Reached skill level 6 in Unarmed Combat
  1869 | D:4      | Noticed Edmund
  1874 | D:4      | Noticed Eustachio
  1874 | D:4      | XOM: 8-stop teleportation journey
  1964 | D:4      | Killed Eustachio
  1964 | D:4      | Reached XP level 7. HP: 69/71 MP: 5/5
  2211 | D:4      | Reached skill level 7 in Unarmed Combat
  2215 | D:4      | XOM: smoke on damage
  2225 | D:4      | Huge Dmg: 12 dmg
  2226 | D:4      | Killed Edmund
  2306 | D:4      | XOM: smoke on damage
  2503 | D:5      | Reached skill level 8 in Unarmed Combat
  2523 | D:5      | XOM: harmless Tloc miscast
  2533 | D:5      | XOM: 2-stop teleportation journey
  2633 | D:5      | Found a white marble altar of Elyvilon.
  2733 | D:5      | Found an ancient bone altar of Kikubaaqudgha.
  2733 | D:5      | Found a sparkling altar of Nemelex Xobeh.
  2957 | D:5      | Reached skill level 5 in Fighting
  3095 | D:5      | Found a staircase to the Ecumenical Temple.
  3284 | D:6      | XOM: stealth player
  3322 | D:6      | Reached XP level 8. HP: 77/80 MP: 6/6
  3355 | D:6      | Huge Dmg: 22 dmg
  3463 | D:6      | Reached skill level 9 in Unarmed Combat
  3532 | D:6      | XOM: give mutations
  3532 | D:6      | Gained mutation: Scrolls take you a little longer to read. [Xom's mischief]
  3532 | D:6      | Gained mutation: Your mind is acute. (Int +2) [Xom's mischief]
  3533 | D:6      | Lost mutation: Scrolls take you a little longer to read. [potion of mutation]
  3533 | D:6      | Lost mutation: Your magical capacity is low. (-10% MP) [potion of mutation]
  3533 | D:6      | Gained mutation: You have sharp toenails. [potion of mutation]
  3533 | D:6      | Lost mutation: You are agile. (Dex +2) [potion of mutation]
  3533 | D:6      | Gained mutation: You evolve. [potion of mutation]
  3533 | D:6      | Gained mutation: You are resistant to hostile enchantments. (MR+) [potion of mutation]
  3604 | D:6      | XOM: divination: magic mapping
  3608 | D:6      | XOM: 7-stop teleportation journey
  3626 | D:6      | XOM: divination: detect creatures
  3628 | D:6      | Huge Dmg: 15 dmg
  3707 | D:7      | XOM: destruction
  3738 | D:7      | Reached skill level 10 in Unarmed Combat
  3751 | D:7      | Reached XP level 9. HP: 85/89 MP: 8/8
  3800 | D:7      | XOM: summons friendly iron imp
  3818 | D:7      | XOM: divination: magic mapping
  4150 | D:7      | XOM: polymorph killer bee -> adder
  4193 | D:7      | Huge Dmg: 10 dmg
  4193 | D:7      | Reached skill level 11 in Unarmed Combat
  4214 | D:7      | You fall through a shaft!
  4235 | D:8      | Huge Dmg: 12 dmg
  4236 | D:8      | Found a staircase to the Lair.
  4467 | D:8      | Reached XP level 10. HP: 92/102 MP: 9/9
  4519 | D:8      | Reached skill level 12 in Unarmed Combat
  4546 | D:8      | XOM: cast spell 'Summon Butterflies'
  4971 | D:6      | XOM: harmless Ice miscast
  5130 | Lair:1   | Entered Level 1 of the Lair of Beasts
  5139 | Lair:1   | XOM: cast spell 'Cause Fear'
  5143 | Lair:1   | Huge Dmg: 21 dmg
  5145 | Lair:1   | XOM: swap monsters
  5151 | Lair:1   | Huge Dmg: 16 dmg
  5153 | Lair:1   | Huge Dmg: 17 dmg
  5157 | Lair:1   | Huge Dmg: 8 dmg
  5242 | Lair:1   | XOM: 3-stop teleportation journey
  5251 | Lair:1   | XOM: cleaving
  5269 | Lair:1   | XOM: scenery: 1 doors open
  5274 | Lair:1   | Noticed a spiny frog
  5278 | Lair:1   | XOM: cleaving
  5281 | Lair:1   | Huge Dmg: 21 dmg
  5281 | Lair:1   | Killed a spiny frog
  5283 | Lair:1   | Huge Dmg: 12 dmg
  5283 | Lair:1   | Noticed a spiny frog
  5284 | Lair:1   | XOM: potion effect (curing)
  5290 | Lair:1   | Huge Dmg: 11 dmg
  5293 | Lair:1   | Huge Dmg: 11 dmg
  5293 | Lair:1   | XOM: confuse monster(s)
  5294 | Lair:1   | Killed a spiny frog
  5298 | Lair:1   | Huge Dmg: 11 dmg
  5303 | Lair:1   | Huge Dmg: 14 dmg
  5306 | Lair:1   | Huge Dmg: 8 dmg
  5311 | Lair:1   | HP: 5/104 [poisoned by a killer bee]
  5316 | Lair:1   | HP: 5/104 [poisoned by a killer bee]
  5316 | Lair:1   | Mangled by a blink frog

Vault maps used:
D:1:      dpeg_arrival_tiny_a, minmay_misc_feat_cross, nrook_mini_vaults,
          corner_web_ring, minmay_misc_feat_alley
D:2:      first_ration, okawaru_trees_1
D:3:      chequers_ecumenical_altar_simple
D:4:      grunt_temple_overflow_open, uniq_edmund, uniq_eustachio, uniq_ijyb
D:5:      elyvilon_altar_1, chequers_temple_overflow_statue_of_worship,
          minmay_temple_entry_trees, kennysheep_decorative_pillar,
          minmay_crystal_room
D:8:      lair_entry_dummy, blue_anna_alchemist
Lair:1:   special_room, grunt_megastairs_2, lemuel_fruit_tree

Skill      XL: |  1  2  3  4  5  6  7  8  9 10 |
---------------+-------------------------------+-----
Dodging        | 2 |  2.0
Unarmed Combat | 4 5 6 8 10 11 12 | 12.8
Fighting       | 3 4 5 6 7 8 |  8.1

Action                   |  1- 3 |  4- 6 |  7- 9 | 10-12 || total
-------------------------+-------+-------+-------+-------++-------
Melee: Unarmed           |   102 |    84 |   272 |    62 ||   520
       Punch             |       |     2 |    11 |     1 ||    14
       Kick              |       |       |    38 |    14 ||    52
Evoke: Wand              |       |       |    22 |     2 ||    24
  Use: Potion            |     2 |     3 |     3 |     6 ||    14
       Scroll            |       |     6 |     3 |     2 ||    11
 Stab: Sleeping          |       |       |     2 |       ||     2
       Paralysed         |       |       |     1 |       ||     1
  Eat: Chunk             |    16 |     7 |    24 |     6 ||    53
Armor: Robe              |    45 |    29 |    89 |    20 ||   183
Dodge: Dodged            |    69 |    56 |   123 |    28 ||   276

Table legend:
 A = Spawn XP
 B = Non-spawn XP
 C = Spawn XP percentage of total XP
 D = Spawn monster count
 E = Non-spawn monster count
 F = Spawn count percentage of total count
 G = Total turns spent on level
                    A         B        C        D         E        F      G
               +---------+---------+-------+---------+---------+-------+---------
         Total |       0 |    8202 |   0.0 |       0 |     171 |   0.0 |  5316
               +---------+---------+-------+---------+---------+-------+---------
           D:1 |       0 |      29 |   0.0 |       0 |      15 |   0.0 |   924
           D:2 |       0 |      84 |   0.0 |       0 |      18 |   0.0 |   520
           D:3 |       0 |      93 |   0.0 |       0 |      10 |   0.0 |   118
           D:4 |       0 |     740 |   0.0 |       0 |      15 |   0.0 |   602
           D:5 |       0 |     436 |   0.0 |       0 |      18 |   0.0 |  1120
           D:6 |       0 |    1227 |   0.0 |       0 |      24 |   0.0 |   689
           D:7 |       0 |    1574 |   0.0 |       0 |      30 |   0.0 |   596
           D:8 |       0 |    1964 |   0.0 |       0 |      29 |   0.0 |   561
        Lair:1 |       0 |    2055 |   0.0 |       0 |      12 |   0.0 |   186
               +---------+---------+-------+---------+---------+-------+---------
